 Dungeon Crawl Stone Soup version 0.29.0-4-gdea44cf6ec (webtiles) character file.

Game seed: 14002217159951187360

207 qw the Chopper (level 5, -4/32 HPs)
             Began as a Gargoyle Fighter on Sept 9, 2022.
             Killed by nerve-wracking pain
             ... invoked by Grinder
              (5 damage)
             ... on level 4 of the Dungeon.
             The game lasted 00:00:54 (2056 turns).

qw the Chopper (Gargoyle Fighter)                   Turns: 2056, Time: 00:00:54

Health: -4/32      AC: 10    Str: 21    XL:     5   Next: 85%
Magic:  5/5        EV:  9    Int:  9    God:
Gold:   143        SH:  4    Dex:  9    Spells: 4/4 levels left

rFire   . . .      SeeInvis .   Y - +0 war axe
rCold   . . .      Faith    .   c - +0 buckler
rNeg    + . .      Spirit   .   b - +0 scale mail
rPois   inf        Reflect  .   (no helmet)
rElec   +          Harm     .   (no cloak)
rCorr   .          Rampage  .   (no gloves)
Will    .....                   (no boots)
Stlth   ..........              (no amulet)
HPRegen 0.10/turn               (no ring)
MPRegen 0.09/turn               (no ring)

@: no status effects
A: sickness immunity, AC +4, negative energy resistance 1, electricity
resistance, torment resistance 1, petrification resistance
a: no special abilities


You were on level 4 of the Dungeon.
You visited 1 branch of the dungeon, and saw 3 of its levels.

You collected 143 gold pieces.


Innate Abilities, Weirdness & Mutations

You are immune to sickness and miasma.
Your stone body is resilient. (AC +4)
You are immune to poison.
You resist negative energy. (rN+)
You are resistant to electric shocks. (rElec)
You are resistant to unholy torment.
You are immune to petrification.


   Skills:
 + Level 3.2 Fighting
 - Level 5.1 Axes
 - Level 1.0 Throwing
 - Level 3.2 Armour
 - Level 3.2 Shields


You had 4 spell levels left.
You didn't know any spells.
Your spell library was empty.

Inventory:

Hand Weapons
 n - a +0 flail
 Y - a +0 war axe (weapon)
Armour
 b - a +0 scale mail (worn)
 c - a +0 buckler (worn)
 i - the +1 hat of Failure {Will+ MP+9}
   (You found it on level 2 of the Dungeon)

   MP:        It affects your magic capacity (+9).
   Will:      It increases your willpower.
 l - a +0 helmet
Scrolls
 a - 2 scrolls of identify
 o - a scroll of blinking {unknown}
Potions
 d - a potion of might
 f - a potion of resistance {unknown}
 g - a potion of lignification {unknown}
 h - a potion of haste {unknown}
 j - 3 potions of brilliance {unknown}
 k - a potion of magic {unknown}
 m - a potion of curing {unknown}

Dungeon Overview and Level Annotations

Branches:
Dungeon (2/15)

Altars:
Nemelex Xobeh

Annotations:
D:4 Grinder


Message History

a +0 giant club; an ogre corpse You barely miss Grinder.
Grinder blinks!
Grinder hits you but does no damage.
You slash Grinder!
Grinder is lightly wounded.
You block Grinder's attack.
You barely miss Grinder.
Grinder is lightly wounded.
Grinder hits you.
You writhe in agony.
Grinder hits you.
You closely miss Grinder.
Grinder is lightly wounded.
Grinder closely misses you.
You hit Grinder but do no damage.
Grinder is lightly wounded.
Grinder hits you but does no damage.
You slash Grinder!
Grinder is moderately wounded.
Grinder barely misses you. Grinder hits you but does no damage.
You barely miss Grinder.
Grinder is moderately wounded.
Grinder gestures at you.
You suddenly lose the ability to move!
Grinder hits you.
You can move again.
You barely miss Grinder.
Grinder is moderately wounded.
Grinder gestures at you. Pain shoots through your body!
You barely miss Grinder.
Grinder is moderately wounded.
Grinder hits you but does no damage. Grinder closely misses you.
You slash Grinder!
Grinder is severely wounded.
Grinder barely misses you.
You hit Grinder.
Grinder is severely wounded.
Grinder gestures at you. Pain shoots through your body!
You die...

#... ... . #.. .. #..
#### ...###'### ..
#... .........# ...
#...
.........#######...
#...
......5@..)........
#...
...########........
#...
##..).##........##...
#.....##....#....#...
#.....##.........#...
#......#...###...#...
#[.....#..##.##..#...
#.........#...#......
#
##......####.####..#.


You could see Grinder.

Vanquished Creatures
  An ogre (D:4)
  Robin (D:4)
  3 adders
  3 dart slugs
  3 worms (D:2)
  An orc (D:4)
  4 endoplasms
  4 giant cockroaches
  12 goblins
  8 hobgoblins
  3 jackals (D:1)
  5 quokkas
  6 ball pythons
  3 bats
  6 kobolds
  4 rats
67 creatures vanquished.

Notes
Turn   | Place    | Note
-------+----------+-------------------------------------------
     0 | D:1      | qw the Gargoyle Fighter began the quest for the Orb.
     0 | D:1      | Reached XP level 1. HP: 14/14 MP: 1/1
     0 | D:1      | 0 ||| qw: Version: 0.1-a-113-g051387a
     0 | D:1      | 0 ||| qw: Game counter: 7248
     0 | D:1      | 0 ||| qw: Always use a shield: true
     0 | D:1      | 0 ||| qw: God list: Okawaru
     0 | D:1      | 0 ||| qw: Allow faded altars: false
     0 | D:1      | 0 ||| qw: Do Orc after D:15 true
     0 | D:1      | 0 ||| qw: Do second Lair branch before Depths: true
     0 | D:1      | 0 ||| qw: Lair rune preference: random
     0 | D:1      | 0 ||| qw: Plans: Normal, Zot, God:TSO, Crypt, Tomb, Zig,
                  | Orb
     0 | D:1      | 0 ||| PLANNING D:1-11
    36 | D:1      | Reached skill level 2 in Axes
   133 | D:1      | Reached XP level 2. HP: 19/19 MP: 2/2
   344 | D:1      | Found a faded altar of an unknown god.
   346 | D:1      | 346 ||| Stepping ~*~*~tactically~*~*~ (stealth).
   434 | D:1      | Reached skill level 3 in Axes
   526 | D:1      | Reached XP level 3. HP: 19/23 MP: 3/3
   612 | D:1      | 612 ||| Stepping ~*~*~tactically~*~*~ (hiding).
   615 | D:1      | 615 ||| Stepping ~*~*~tactically~*~*~ (hiding).
   871 | D:1      | 871 ||| READING 2 scrolls labelled CEN GAL HOIXE.
  1185 | D:2      | Reached skill level 1 in Throwing
  1310 | D:2      | Identified the +1 hat of Failure {Will+ MP+9}
  1422 | D:2      | Reached XP level 4. HP: 19/28 MP: 4/4
  1632 | D:2      | You fall into a shaft and drop 2 floors!
  1641 | D:4      | 1641 ||| Stepping ~*~*~tactically~*~*~ (stealth).
  1642 | D:4      | 1642 ||| Stepping ~*~*~tactically~*~*~ (stealth).
  1654 | D:4      | 1654 ||| Stepping ~*~*~tactically~*~*~ (hiding).
  1748 | D:4      | 1748 ||| Stepping ~*~*~tactically~*~*~ (stealth).
  1755 | D:4      | Reached skill level 4 in Axes
  1766 | D:4      | Noticed Robin
  1779 | D:4      | Killed Robin
  1780 | D:4      | Reached XP level 5. HP: 23/32 MP: 5/5
  1891 | D:4      | Found a sparkling altar of Nemelex Xobeh.
  1958 | D:4      | 1958 ||| DROPPING +0 mace.
  1981 | D:4      | Noticed an ogre
  1987 | D:4      | HP: 5/32 [ogre/+0 giant club (9)]
  1990 | D:4      | Killed an ogre
  1991 | D:4      | Reached skill level 5 in Axes
  2037 | D:4      | Noticed Grinder
  2038 | D:4      | 2038 ||| Stepping ~*~*~tactically~*~*~ (stealth).
  2047 | D:4      | HP: 5/32 [Grinder (4)]
  2051 | D:4      | Paralysed by Grinder for 2 turns
  2052 | D:4      | HP: 3/32 [Grinder (3)]
  2053 | D:4      | HP: 1/32 [Grinder/nerve-wracking pain (2)]
  2056 | D:4      | Killed from afar by Grinder

Levels and vault maps discovered:
D:1:      minmay_arrival_nine_rooms, layout_rooms,
          nicolae_ecumenical_snake_handling
D:2:      layout_loops_cross
D:4:      layout_gridville, nemelex_dance_club_becter, uniq_menkaure,
          uniq_robin, uniq_grinder

Skill      XL: |  1  2  3  4  5 |
---------------+----------------+-----
Axes           | 2 3 4 5 |  5.1
Throwing       | 1 |  1.0
Fighting       | |  3.2
Armour         | |  3.2
Shields        | |  3.2

Action                   |  1- 3 |  4- 6 || total
-------------------------+-------+-------++-------
Melee: War axe           |   112 |    68 ||   180
Throw: Javelin           |    11 |     2 ||    13
  Use: Scroll            |     1 |       ||     1
Armor: Scale mail        |    65 |    38 ||   103
Dodge: Dodged            |    51 |    32 ||    83
Block: Buckler           |    24 |     9 ||    33

Table legend:
 A = Non-vault XP
 B = Vault XP
 C = Vault XP percentage of total XP
 D = Non-vault monster count
 E = Vault monster count
 F = Vault count percentage of total count
                 A         B        C        D         E       F
            +---------+---------+-------+---------+---------+-------
      Total |     250 |      47 |  15.8 |      50 |      17 |  25.4
            +---------+---------+-------+---------+---------+-------
        D:1 |      45 |       3 |   6.2 |      25 |       2 |   7.4
        D:2 |      57 |       0 |   0.0 |      20 |       0 |   0.0
        D:4 |     148 |      44 |  22.9 |       5 |      15 |  75.0
            +---------+---------+-------+---------+---------+-------
